 Dungeon Crawl Stone Soup version 0.28.0-53-g5a82cb258f (webtiles) character file.

Game seed: 16372032139576945938

103 Sin92 the Skirmisher (level 4, -17/37 HPs)
             Began as a Demonspawn Fighter on July 28, 2022.
             Demolished by an ogre
             ... wielding a +0 giant club
              (22 damage)
             ... on level 4 of the Dungeon.
             The game lasted 00:02:32 (1987 turns).

Sin92 the Skirmisher (Demonspawn Fighter)           Turns: 1987, Time: 00:02:33

Health: -17/37     AC:  6    Str: 18    XL:     4   Next: 51%
Magic:  1/1        EV:  9    Int:  9    God:
Gold:   42         SH:  5    Dex: 13    Spells: 3/3 levels left

rFire   . . .      SeeInvis .   f - +2 whip (antimagic)
rCold   . . .      Faith    .   c - +0 buckler
rNeg    . . .      Spirit   .   b - +0 scale mail
rPois   .          Reflect  .   (no helmet)
rElec   .          Harm     .   (no cloak)
rCorr   .          Rampage  .   (no gloves)
Will    .....                   (no boots)
Stlth   ..........              (no amulet)
HPRegen 0.12/turn               (no ring)
MPRegen 0.14/turn               (no ring)

@: no status effects
A: magic regeneration
a: no special abilities


You were on level 4 of the Dungeon.
You visited 1 branch of the dungeon, and saw 4 of its levels.

You collected 42 gold pieces.

Inventory:

Hand Weapons
 a - a +0 war axe
 f - a +2 antimagic whip (weapon)
Armour
 b - a +0 scale mail (worn)
 c - a +0 buckler (worn)
Scrolls
 g - a scroll of brand weapon {unknown}
 i - a scroll of magic mapping {unknown}
 j - a scroll of holy word {unknown}
Potions
 d - 2 potions of might
 e - 2 potions of heal wounds {unknown}
 h - a potion of resistance {unknown}


   Skills:
 + Level 3.6 Fighting
 + Level 2.7 Axes
 + Level 3.3 Armour
 + Level 3.3 Shields


You had 3 spell levels left.
You didn't know any spells.
Your spell library contained the following spells:

 Spells                   Type           Power      Damage    Failure   Level
 Stone Arrow              Conj/Erth      0%         3d7       99%         3
 Animate Armour           Summ/Erth      0%         N/A       100%        4
 Summon Lightning Spire   Summ/Air       0%         N/A       100%        4
 Storm Form               Tmut/Air       0%         N/A       100%        7
 Lehudib's Crystal Spear  Conj/Erth      0%         10d2      100%        8
 Maxwell's Capacitive Co  Air            0%         ∞         100%        8


Dungeon Overview and Level Annotations

Branches:
Dungeon (4/15)
 Temple: D:4-7

Altars:


Innate Abilities, Weirdness & Mutations

You regenerate magic rapidly.


Message History

The ogre is lightly wounded.
You block the ogre's attack.
There are monsters nearby!
You whack the ogre!
The ogre is moderately wounded.
The ogre hits you with a +0 giant club!!
Ouch! That really hurt!
There are monsters nearby!
You are too injured to fight recklessly!
You are too injured to fight recklessly!
There are monsters nearby!
You are too injured to fight recklessly!
There are monsters nearby!
You are too injured to fight recklessly!
There are monsters nearby!
You are too injured to fight recklessly!
There are monsters nearby!
You are too injured to fight recklessly!
You barely miss the ogre.
The ogre is moderately wounded.
The ogre hits you with a +0 giant club!
* * * LOW HITPOINT WARNING * * *
You barely miss the ogre.
The ogre is moderately wounded.
The orc closely misses you. The ogre closely misses you.
You hit the ogre but do no damage.
The ogre is moderately wounded.
The orc barely misses you.
A howler monkey zombie comes into view.
You whack the ogre!
The ogre is severely wounded.
The ogre barely misses you. You block the orc's attack.
Unknown command.
You barely miss the ogre.
The ogre is severely wounded.
The orc hits you with a +0 flail.
* * * LOW HITPOINT WARNING * * *
The ogre hits you with a +0 giant club!!
Ouch! That really hurt!
You die...

... .... .... ....
###+#......# ..Z..
#..........# #...
#..........#
#....#..........###
#....#.o...........
#....O@............
#....#.............
######.............
#.......###'######
#.......#........#
#.......#........#
+.......#........#
#.......#........#
#.......##..####+#


You could see an ogre, an orc and a howler monkey zombie.

Vanquished Creatures
  3 adders (D:2)
  A worm (D:2)
  6 dart slugs
  4 ball pythons (D:2)
  4 endoplasms (D:2)
  4 giant cockroaches
  7 hobgoblins
  7 jackals
  2 quokkas (D:2)
  5 bats
  3 frilled lizards
  4 goblins
  5 kobolds
  4 rats
59 creatures vanquished.

Notes
Turn   | Place    | Note
-------+----------+-------------------------------------------
     0 | D:1      | Sin92 the Demonspawn Fighter began the quest for the Orb.
     0 | D:1      | Reached XP level 1. HP: 18/18 MP: 1/1
    49 | D:1      | Gained mutation: You regenerate magic rapidly. [demonic
                  | ancestry]
    49 | D:1      | Reached XP level 2. HP: 16/24 MP: 2/2
   380 | D:1      | You fall into a shaft and drop 1 floor!
   540 | D:2      | Reached XP level 3. HP: 19/29 MP: 3/3
  1023 | D:2      | Reached XP level 4. HP: 21/35 MP: 1/4
  1977 | D:4      | Noticed an ogre
  1987 | D:4      | Demolished by an ogre

Illustrated notes

Levels and vault maps discovered:
D:1:      dpeg_arrival_simpleton_c, layout_basic, serial_shops, shop,
          basic_ecumenical_altar, kennysheep_nondescript,
          minmay_misc_feat_enclosed, chequers_garden, st_stairs_14,
          minmay_rat_gold_closets
D:2:      layout_loops_cross, minmay_tromino_v7
D:3:      mumra_celtic_spiral_tile, layout_loops_corners, tgw_fedhas
D:4:      layout_gridville, mainiacjoe_overflow_six_doors_small,
          nicolae_ossuary_entry_catacombs, uniq_natasha, uniq_blork_the_orc

Skill      XL: |  1  2 |
---------------+-------+-----
Axes           | 2 |  2.7
Shields        | 3 |  3.3
Armour         | 3 |  3.3
Fighting       | |  3.6

Action                   |  1- 3 |  4- 6 || total
-------------------------+-------+-------++-------
Melee: War axe           |    60 |       ||    60
       Whip              |    67 |    90 ||   157
  Use: Scroll            |       |     2 ||     2
Armor: Scale mail        |    69 |    41 ||   110
Dodge: Dodged            |    62 |    35 ||    97
Block: Buckler           |    36 |    12 ||    48
